 Dungeon Crawl Stone Soup version 0.31-a0-544-gceb718ecc6 (webtiles) character file.

Game seed: 16272547736705661919

558 IdlyInterested the Changeling (level 7, -6/52 HPs)
             Began as a Demonspawn Shapeshifter on Aug 15, 2023.
             Mangled by a killer bee (7 damage)
             ... on level 4 of the Dungeon.
             The game lasted 00:12:20 (3294 turns).

IdlyInterested the Changeling (DsSh)                Turns: 3294, Time: 00:12:21

Health: -6/52      AC: 12    Str: 17    XL:     7   Next: 9%
Magic:  7/7        EV:  5    Int: 10    God:
Gold:   244        SH:  0    Dex: 13    Spells: 6/6 levels left

rFire   . .          .
                       - Unarmed
rCold   . . .        (no shield)
rNeg    . . .        i - +0 plate armour
rPois   .            t - melded +2 helmet
rElec   .            j - melded +0 cloak
rCorr   .            (gloves currently unavailable)
SInv    .            v - melded +0 pair of boots
Will    .....        (no amulet) Stlth
                     (no ring)
HPRegen 0.28/turn    (no ring)
MPRegen 0.10/turn

%: no passive effects
@: lethally poisoned (-6 -> -11), beast-form
A: beast (slay +3), claws 1, yellow scales 1, ignite blood 2
a: Begin Untransformation


You were on level 4 of the Dungeon.
You were a hulking beast.
You visited 1 branch of the dungeon, and saw 4 of its levels.

You collected 244 gold pieces.

Inventory:

Hand Weapons
 q - a +0 hand axe of venom
 r - a +0 war axe
 s - a +0 falchion
 y - a +0 morningstar
 B - a +0 rapier
Missiles
 m - 7 stones (quivered)
 A - 8 poisoned darts
Armour
 a - a +0 animal skin
 i - a +0 plate armour (worn)
 j - a +0 cloak (melded)
 t - a +2 helmet (melded)
 v - a +0 pair of boots (melded)
 z - a +0 scale mail
Talismans
 c - a beast talisman (active)
 d - a flux talisman
Scrolls
 e - a scroll of enchant weapon
 g - a scroll of brand weapon {unknown}
 h - 3 scrolls of teleportation
 n - a scroll of vulnerability
 p - a scroll of blinking {unknown}
 w - a scroll of enchant armour {unknown}
 x - a scroll of revelation {unknown}
Potions
 b - a potion of lignification
 f - a potion of mutation
 k - a potion of heal wounds {unknown}
 o - a potion of attraction {unknown}
 u - a potion of brilliance {unknown}
 C - a potion of haste {unknown}
 D - a potion of enlightenment {unknown}


   Skills:
 + Level 3.1 Fighting
 - Level 1.0 Throwing
 * Level 1.4 Armour
 - Level 2.0 Dodging
 - Level 1.0 Stealth
 - Level 1.0 Shields
 - Level 4.0 Unarmed Combat
 - Level 1.0 Evocations
 * Level 4.6 Shapeshifting


You had 6 spell levels left.
You didn't know any spells.
Your spell library contained the following spells:

 Spells                   Type           Power      Damage    Failure   Level
 Hailstorm                Conj/Ice       0%         3d3       100%        3
 Summon Ice Beast         Ice/Summ       0%         N/A       100%        4
 Simulacrum               Ice/Necr       0%         N/A       100%        6


Dungeon Overview and Level Annotations

Branches:
Dungeon (4/15)
 Temple: D:4-7

Altars:


Innate Abilities, Weirdness & Mutations

You are a hulking beast.
Your limbs bulge with bestial killing power. (Slay +3)
You have sharp fingernails.
You are partially covered in yellow scales. (AC +2)
Your demonic aura often causes spilled blood to erupt in flames.


Message History

You scratch the killer bee. Your claw misses the killer bee.
The killer bee is moderately wounded.
You feel very sick.
The killer bee barely misses you. x2; The killer bee stings you.
The killer bee stings you but does no damage.
Unknown command.
You barely miss the killer bee.
The killer bee is moderately wounded.
* * * LOW HITPOINT WARNING * * *
You feel very sick.
The killer bee stings you but does no damage.
The killer bee stings you.
* * * LOW HITPOINT WARNING * * *
The killer bee stings you but does no damage.
The killer bee stings you.
* * * LOW HITPOINT WARNING * * *
You are more poisoned.
The killer bee poisons you!
You feel better. The killer bee closely misses you. The killer bee stings you.
* * * LOW HITPOINT WARNING * * *
You are poisoned.
The killer bee poisons you! The killer bee stings you.
* * * LOW HITPOINT WARNING * * *
The killer bee stings you but does no damage.
Unknown command.
You scratch the killer bee.
The killer bee is heavily wounded.
* * * LOW HITPOINT WARNING * * *
You feel sick. The killer bee stings you.
* * * LOW HITPOINT WARNING * * *
The killer bee barely misses you.
The killer bee stings you but does no damage.
The killer bee closely misses you.
You scratch the killer bee.
The killer bee is severely wounded.
* * * LOW HITPOINT WARNING * * *
You feel sick.
The killer bee stings you but does no damage.
The killer bee stings you!
You die...

#..# #.#.<#..######
#..# #.#÷.#..# #..#
#..#..# #..# #
#..#..######
#..#.#.####...†...#
#..#.......#......#
#..#.......########
#..#...............
#.hy.........######
##y#.#######.######
#.#.###...........
#.# ........######
#.# ###.##..######
... ..............
... .........#####
### ######...##
#....####


You could see 2 killer bees.

Vanquished Creatures
  Sigmund (D:3)
  A black bear (D:4)
  A hound (D:4)
  An iguana (D:4)
  Jessica (D:2)
  Terence (D:3)
  Natasha (thrice) (D:3)
  Robin (D:2)
  3 adders
  4 dart slugs (D:3)
  An orc (D:3)
  5 bats
  3 endoplasms
  5 giant cockroaches
  12 goblins
  7 hobgoblins
  4 jackals (D:1)
  4 kobolds
  A quokka (D:1)
  11 ball pythons
  2 frilled lizards
  4 rats
76 creatures vanquished.

Notes
Turn   | Place    | Note
-------+----------+-------------------------------------------
     0 | D:1      | IdlyInterested the Demonspawn Shapeshifter began the quest
                  | for the Orb.
     0 | D:1      | Reached XP level 1. HP: 15/15 MP: 1/1
   180 | D:1      | Gained mutation: You have sharp fingernails. [demonic
                  | ancestry]
   180 | D:1      | Reached XP level 2. HP: 9/21 MP: 2/2
   285 | D:1      | Found a faded altar of an unknown god.
  1364 | D:2      | Noticed Robin
  1375 | D:2      | Gained mutation: You are partially covered in yellow
                  | scales. (AC +2) [demonic ancestry]
  1375 | D:2      | Reached XP level 3. HP: 16/26 MP: 3/3
  1384 | D:2      | Killed Robin
  1394 | D:2      | Reached skill level 1 in Stealth
  1495 | D:2      | Noticed Jessica
  1512 | D:2      | Killed Jessica
  1513 | D:2      | Reached XP level 4. HP: 27/33 MP: 4/4
  2040 | D:3      | Noticed Terence
  2058 | D:3      | Killed Terence
  2059 | D:3      | Reached skill level 1 in Armour
  2415 | D:3      | Gained mutation: Your demonic aura sometimes causes spilled
                  | blood to erupt in flames. [demonic ancestry]
  2415 | D:3      | Reached XP level 5. HP: 38/38 MP: 5/5
  2425 | D:3      | Noticed Natasha
  2434 | D:3      | Killed Natasha
  2435 | D:3      | Reached skill level 1 in Throwing
  2443 | D:3      | Noticed Natasha
  2452 | D:3      | Killed Natasha
  2600 | D:3      | Noticed Sigmund
  2608 | D:3      | Killed Sigmund
  2609 | D:3      | Reached skill level 1 in Evocations
  2609 | D:3      | Reached XP level 6. HP: 39/47 MP: 6/6
  2893 | D:3      | Noticed Natasha
  2900 | D:3      | Killed Natasha
  2932 | D:4      | Reached skill level 1 in Shields
  2975 | D:4      | Gained mutation: Your demonic aura often causes spilled
                  | blood to erupt in flames. [demonic ancestry]
  2975 | D:4      | Reached XP level 7. HP: 49/52 MP: 7/7
  3294 | D:4      | HP: 1/52 [poisoned by a killer bee]
  3294 | D:4      | Mangled by a killer bee

Illustrated notes

Levels and vault maps discovered:
D:1:      ldierk_walled_garden, layout_loops_ring,
          shapermc_ecumenical_altar_starsandcircs, serial_bayou_lagoon_b
D:2:      layout_loops_corners, uniq_robin, uniq_jessica
D:3:      layout_rooms, hex_medium, st_stairs_13, minmay_ruptured, uniq_sigmund,
          uniq_natasha, uniq_terence
D:4:      layout_basic, lemuel_round_altar, minmay_temple_entry_waves,
          serial_shops, shop, cheibrodos_gnoll_hut

Skill      XL: |  1  2  3  4  5  6 |
---------------+-------------------+-----
Unarmed Combat | 3 4 |  4.0
Shapeshifting  | 3 4 |  4.6
Dodging        | 2 |  2.0
Stealth        | 1 |  1.0
Fighting       | 2 3 |  3.1
Armour         | 1 |  1.4
Throwing       | 1 |  1.0
Evocations     | 1 |  1.0
Shields        | 1 |  1.0

Action                     |  1- 3 |  4- 6 |  7- 9 || total
---------------------------+-------+-------+-------++-------
  Melee: Unarmed           |    96 |    96 |    36 ||   228
         Punch             |       |       |     2 ||     2
  Throw: Stone             |     4 |     6 |       ||    10
         Dart              |       |     1 |       ||     1
Ability: Begin Untransform |     1 |       |       ||     1
    Use: Scroll            |     2 |     3 |     1 ||     6
         Potion            |       |       |     1 ||     1
 Armour: Animal skin       |     9 |       |       ||     9
         Ring mail         |    12 |       |       ||    12
         Plate armour      |     7 |    47 |    25 ||    79
  Dodge: Dodged            |    55 |    23 |    10 ||    88
   Form: Beast             |     2 |     1 |       ||     3
                           |     2 |     1 |       ||     3

Table legend: (Time is in decaauts)
 A = Elapsed time spent in this place.
 B = Non-inter-level travel time spent in this place.
 C = Inter-level travel time spent in this place.
 D = Time resting spent in this place.
 E = Time spent auto-exploring this place.
 F = Levels seen in this place.
 G = Mean time per level.
                   A        B        C        D        E       F      G
               +--------+--------+--------+--------+--------+-----+--------+
         Total |   3319 |   2744 |    575 |    245 |   1677 |   4 |  829.8 |
       Dungeon |   3319 |   2744 |    575 |    245 |   1677 |   4 |  829.8 |
               +--------+--------+--------+--------+--------+-----+--------+

Top non-repeatable levels by time:
     D:2: 1153 daAuts
     D:1: 1077 daAuts
     D:3: 792 daAuts
     D:4: 295 daAuts
